 Dungeon Crawl Stone Soup version 0.26-a0-651-gb41185065b (webtiles) character file.

Game seed: 6571795442108716862

686 Irenicus the Cleaver (level 7, 0/63 HPs)
             Began as a Deep Dwarf Gladiator on Oct 4, 2020.
             Was an Initiate of Makhleb.
             Slain by a black bear (4 damage)
             ... on level 6 of the Dungeon.
             The game lasted 00:18:08 (2528 turns).

Irenicus the Cleaver (Deep Dwarf Gladiator)         Turns: 2528, Time: 00:18:08

Health: 0/63       AC:  7    Str: 16    XL:     7   Next: 35%
Magic:  7/7        EV: 16    Int:  8    God:    Makhleb [......]
Gold:   199        SH:  5    Dex: 16    Spells: 6/6 levels left

rFire    + . .     SeeInvis .   a - +1 war axe
rCold    . . .     Faith    .   (no shield)
rNeg     . . .     Spirit   .   n - +0 ring mail
rPois    .         Reflect  +   c - +1 helmet
rElec    .         Harm     .   (no cloak)
rCorr    .         Rampage  .   (no gloves)
MR       +....                  (no boots)
Stlth    +.........             p - amulet of reflection
HPRegen  0.00/turn              i - +4 ring of evasion
MPRegen  0.10/turn              j - ring of protection from fire {rF+, !d}

@: flying, non-regenerating
A: damage resistance, heal wounds, sense surroundings 1, robust 1, weak 1,
MP-powered wands, no regeneration
a: Heal Wounds, Renounce Religion


You were on level 6 of the Dungeon.
You worshipped Makhleb.
Makhleb was noncommittal.
You visited 2 branches of the dungeon, and saw 7 of its levels.

You collected 199 gold pieces.

Inventory:

Hand Weapons
 a - a +1 war axe (weapon)
 h - a +0 hand axe
   (You found it on level 3 of the Dungeon)
 k - a +1 whip of electrocution
   (You took it off an orc on level 3 of the Dungeon)
Missiles
 m - 16 poisoned darts (quivered)
Armour
 c - a +1 helmet (worn)
 n - a +0 ring mail (worn)
   (You found it on level 3 of the Dungeon)
Jewellery
 i - a +4 ring of evasion (left hand)
   (You found it on level 2 of the Dungeon)
 j - a ring of protection from fire (right hand) {rF+, !d}
   (You found it on level 4 of the Dungeon)
 p - an amulet of reflection (around neck)
   (You found it on level 3 of the Dungeon)
 q - an uncursed ring of protection from cold {rC+, !d}
   (You found it on level 3 of the Dungeon)
 u - an uncursed ring of attention
   (You found it on level 5 of the Dungeon)
Wands
 t - a wand of iceblast (10)
   (You found it on level 4 of the Dungeon)
Scrolls
 f - 2 scrolls of teleportation
Potions
 d - a potion of cancellation
 g - a potion of brilliance
 o - 2 potions of stabbing
 r - a potion of curing
 s - a potion of berserk rage {!q}


   Skills:
 - Level 1.7 Fighting
 + Level 9.5 Axes
 - Level 1.7 Throwing
 - Level 3.2 Dodging


You had 6 spell levels left.
You didn't know any spells.
Your spell library contained the following spells:

 Spells                   Type           Power        Failure   Level
 Confusing Touch          Hex            #.......     94%         3
 Gell's Gravitas          Tloc           #.........   94%         3
 Petrify                  Tmut/Erth      #.......     100%        4
 Metabolic Englaciation   Hex/Ice        #.........   100%        5
 Yara's Violent Unravell  Hex/Tmut       #.........   100%        5


Dungeon Overview and Level Annotations

Branches:
Dungeon (6/15)             Temple (1/1) D:4

Altars:
Ashenzari
Cheibriados
Dithmenos
Elyvilon
Fedhas
Gozag
Hepliaklqana
Kikubaaqudgha
Makhleb
Nemelex Xobeh
Okawaru
Qazlal
Ru
Sif Muna
Trog
Wu Jian
Xom
Yredelemnul
Zin
The Shining One


Innate Abilities, Weirdness & Mutations

You are resistant to damage.
You can heal yourself by infusing magical energy.
You passively map a small area around you.
You do not regenerate.
You are robust. (+10% HP)
You are weak. (Str -2)
You expend magic power (3 MP) to strengthen your wands.


Message History

You now have 189 gold pieces (gained 8).
Autopickup is now on.
You slash the quokka skeleton!
You destroy the quokka skeleton!
Makhleb accepts your kill.
Blork the orc comes into view.
He is wielding a +0 flail.
Blork the orc shouts!
You hear a shout!
Evoke which item? (* to show all) (? for menu, Esc to quit)
Okay, then.
Okay, then.
As you read the scroll labeled HEORIPH SIUTIE, it crumbles to dust.
It is a scroll of enchant armour.
Your +0 helmet glows green for a moment.
As you read the scroll labeled JEC LERAL, it crumbles to dust.
You assume a fearsome visage.
Nothing appears to happen.
It was a scroll of fear.
As you read the scroll labeled YTTU HYNNA, it crumbles to dust.
You feel as if something is helping you.
It was a scroll of remove curse.
You're wearing all the rings you can.
Remove which one? (? for menu, Esc to cancel) < or
i - a +4 ring of evasion; > or
u - a ring of attention You remove your ring of attention.
j - a ring of protection from fire (right hand) {rF+, !d}
Okay, then.
You hit Blork the orc.
Blork the orc is lightly wounded.
Blork the orc hits you but does no damage.
You barely miss Blork the orc.
Blork the orc is lightly wounded.
Blork the orc barely misses you.
You slash Blork the orc!
Blork the orc is heavily wounded.
Blork the orc gestures at you while chanting.
The puff of flame reflects off an invisible shield around you!
The puff of flame hits Blork the orc.
You slash Blork the orc!
Blork the orc is almost dead.
Blork the orc casts a spell at you. The puff of frost hits you.
You slash Blork the orc!
You kill Blork the orc!
Makhleb accepts your kill.
Things that are here:
a +0 flail; a cursed +0 robe; the orc corpse of Blork the orc A shadow imp comes into view.
The shadow imp shouts!
The shadow imp moves out of view.
The shadow imp hits you.
* * * LOW HITPOINT WARNING * * *
You take 1 damage, and have 14/63 hp.
You slash the shadow imp!
You kill the shadow imp!
Makhleb accepts your kill.
Found a stone staircase leading down.
You now have 199 gold pieces (gained 10).
b - a coppery potion
Found 19 bolts.
Found a stone staircase leading up.
There is a stone staircase leading down here.
There is a stone staircase leading down here.
You climb downwards.
A black bear comes into view.
There is a stone staircase leading up here.
You barely miss the black bear. The black bear completely misses you.
The black bear claws you but does no damage. x2
You hit the black bear but do no damage.
The black bear bites you.
* * * LOW HITPOINT WARNING * * *
The black bear misses you.
The black bear claws you but does no damage.
You take 3 damage, and have 11/63 hp.
You barely miss the black bear. The black bear bites you.
You block the black bear's attack.
The black bear claws you but does no damage.
You barely miss the black bear. You block the black bear's attack.
The black bear claws you but does no damage. x2
You barely miss the black bear. The black bear barely misses you.
The black bear claws you but does no damage. x2
You slash the black bear!
The black bear is moderately wounded.
The black bear bites you.
* * * LOW HITPOINT WARNING * * *
You block the black bear's attack. The black bear misses you.
You take 3 damage, and have 8/63 hp.
You slash the black bear!
The black bear is severely wounded.
The black bear goes berserk!
You barely miss the black bear.
The black bear is severely wounded.
The black bear bites you.
* * * LOW HITPOINT WARNING * * *
The black bear claws you but does no damage.
The black bear claws you.
You take 4 damage, and have 4/63 hp.
It was a potion of flight.
You feel very buoyant.
You fly up into the air.
The black bear bites you but does no damage.
The black bear closely misses you. x2; The black bear bites you.
You die...

* * +* # .# *
, #########.#
. * ,,
,.........#.#
#..?../.... *
#.......# ,
#.h@....# *
#....$....# *
#.......### *
#.#+###....,
#. ,, ,,... *
## *## , , *
, , , , * * *
, , ,


You could see a black bear (berserk).

Vanquished Creatures
  2 ogres (D:4)
  Blork the orc (D:5)
  A howler monkey (D:5)
  A centaur zombie (D:5)
  2 orc wizards
  2 orc priests
  3 worker ants
  6 adders
  3 gnolls (D:3)
  2 shadow imps (D:5)
  An ooze (D:3)
  5 leopard geckos
  14 orcs
  A ball python (D:2)
  5 giant cockroaches
  5 goblins
  5 hobgoblins
  4 jackals (D:3)
  4 kobolds
  3 bats
  6 frilled lizards
  A jackal skeleton (D:4)
  2 quokka skeletons
  A rat (D:2)
80 creatures vanquished.

Notes
Turn   | Place    | Note
-------+----------+-------------------------------------------
     0 | D:1      | Irenicus the Deep Dwarf Gladiator began the quest for the
                  | Orb.
     0 | D:1      | Reached XP level 1. HP: 19/19 MP: 1/1
   128 | D:1      | You fall into a shaft and drop 1 floor!
   141 | D:2      | Noticed an orc wizard
   142 | D:2      | Noticed an orc priest
   167 | D:2      | Reached XP level 2. HP: 26/26 MP: 2/2
   170 | D:2      | Reached skill level 4 in Axes
   822 | D:2      | HP: 5/26 [orc priest/divine providence (11)]
   827 | D:2      | Reached skill level 5 in Axes
   827 | D:2      | Reached XP level 3. HP: 9/32 MP: 3/3
   829 | D:2      | HP: 8/48 [orc wizard/magic dart (1)]
   834 | D:2      | Reached XP level 4. HP: 9/39 MP: 4/4
  1060 | D:3      | HP: 5/39 [jackal (1)]
  1070 | D:3      | HP: 3/39 [adder (2)]
  1109 | D:3      | Reached skill level 6 in Axes
  1129 | D:3      | Reached XP level 5. HP: 16/45 MP: 5/5
  1183 | D:3      | Found a shadowy altar of Dithmenos.
  1382 | D:3      | Reached skill level 7 in Axes
  1662 | D:4      | Noticed an ogre
  1673 | D:4      | Gained mutation: You are weak. (Str -2) [potion of
                  | mutation]
  1673 | D:4      | Gained mutation: You are robust. (+10% HP) [potion of
                  | mutation]
  1673 | D:4      | Gained mutation: You expend magic power (3 MP) to
                  | strengthen your wands. [potion of mutation]
  1681 | D:4      | Killed an ogre
  1681 | D:4      | Reached XP level 6. HP: 15/57 MP: 6/6
  1751 | D:4      | Found a staircase to the Ecumenical Temple.
  1761 | Temple   | Entered the Ecumenical Temple
  1826 | Temple   | Became a worshipper of Makhleb the Destroyer
  1958 | D:4      | HP: 13/57 [adder (2)]
  2001 | D:4      | HP: 8/57 [worker ant (5)]
  2004 | D:4      | Reached skill level 8 in Axes
  2178 | D:5      | Entered Level 5 of the Dungeon
  2206 | D:5      | Reached XP level 7. HP: 16/63 MP: 7/7
  2220 | D:5      | HP: 15/63 [worker ant (1)]
  2304 | D:5      | Reached skill level 9 in Axes
  2380 | D:5      | Noticed Blork the orc
  2393 | D:5      | Killed Blork the orc
  2458 | D:5      | HP: 14/63 [shadow imp (1)]
  2521 | D:6      | HP: 11/63 [black bear (3)]
  2527 | D:6      | HP: 4/63 [black bear (4)]
  2528 | D:6      | Slain by a black bear

Illustrated notes

Levels and vault maps discovered:
D:1:      heliophobic_arrival_dark_side_of_the_moon, layout_basic,
          minmay_tromino_v2
D:2:      layout_basic
D:3:      layout_rooms, nicolae_dithmenos_through_a_glass_darkly,
          kennysheep_generic_room_15
D:4:      layout_basic, temple_fountains
D:5:      layout_basic, uniq_blork_the_orc
D:6:      layout_basic, serial_shops, kennysheep_mini_moat, uniq_pikel,
          uniq_maggie
Temple:   regret_index_temple_sigil_plot

Skill      XL: |  1  2  3  4  5  6  7 |
---------------+----------------------+-----
Axes           | 5 6 7 8 9 |  9.5
Fighting       | |  1.7
Throwing       | |  1.7
Dodging        | |  3.2

Action                   |  1- 3 |  4- 6 |  7- 9 || total
-------------------------+-------+-------+-------++-------
Melee: War axe           |    73 |    25 |    25 ||   123
       Hand axe          |       |   187 |    18 ||   205
Throw: Dart              |       |    16 |       ||    16
       Throwing net      |       |     5 |       ||     5
 Abil: Heal Wounds       |       |     2 |       ||     2
  Use: Potion            |     2 |     5 |     1 ||     8
       Scroll            |       |     7 |     4 ||    11
 Stab: Held in net/web   |       |     3 |       ||     3
       Distracted        |       |     1 |       ||     1
Armor: Leather armour    |    17 |    15 |       ||    32
       Skin              |     8 |       |       ||     8
       Ring mail         |       |    12 |    13 ||    25
Dodge: Dodged            |    54 |   158 |    20 ||   232
Block: Other             |       |    10 |    11 ||    21
       Reflection        |       |       |     1 ||     1

Table legend: (Time is in decaauts)
 A = Elapsed time spent in this place.
 B = Non-inter-level travel time spent in this place.
 C = Inter-level travel time spent in this place.
 D = Time resting spent in this place.
 E = Time spent auto-exploring this place.
 F = Levels seen in this place.
 G = Mean time per level.
                   A        B        C        D        E       F      G
               +--------+--------+--------+--------+--------+-----+--------+
         Total |   2544 |   2478 |     66 |     15 |      0 |   7 |  363.4 |
       Dungeon |   2467 |   2401 |     66 |     15 |      0 |   6 |  411.2 |
        Temple |     77 |     77 |      0 |      0 |      0 |   1 |   77.0 |
               +--------+--------+--------+--------+--------+-----+--------+

Top non-repeatable levels by time:
     D:2: 654 daAuts
     D:4: 561 daAuts
     D:3: 530 daAuts
     D:1: 376 daAuts
     D:5: 334 daAuts
  Temple: 77 daAuts
     D:6: 8 daAuts

Table legend:
 A = Kills in this place as a percentage of kills in entire the game.
 B = Kills by you in this place as a percentage of kills by you in the entire game.
 C = Kills by friends in this place as a percentage of kills by friends in the entire game.
 D = Other kills in this place as a percentage of other kills in the entire game.
 E = Experience gained in this place as a percentage of experience gained in the entire game.
 F = Experience gained in this place divided by the number of levels of this place that you have seen.
                   A       B       C       D       E      F
               +-------+-------+-------+-------+-------+----------------------
         Total | 100.0 | 100.0 |   N/A |   N/A | 100.0 | 140.0
       Dungeon | 100.0 | 100.0 |   N/A |   N/A | 100.0 | 163.3
               +-------+-------+-------+-------+-------+----------------------
